 Dungeon Crawl Stone Soup version 0.30-a0-121-gb27577e5d9 (webtiles) character file.

Game seed: 9206398559199444120

51 Essalna the Digger (level 3, -4/21 HPs)
             Began as a Gargoyle Earth Elementalist on Sept 14, 2022.
             Slain by Terence
             ... wielding a +0 hand axe
              (6 damage)
             ... on level 2 of the Dungeon.
             The game lasted 00:01:57 (1332 turns).

Essalna the Digger (Gargoyle Earth Elementalist)    Turns: 1332, Time: 00:01:57

Health: -4/21      AC:  5    Str: 11    XL:     3   Next: 81%
Magic:  4/6        EV: 11    Int: 17    God:
Gold:   101        SH:  0    Dex: 10    Spells: 2/6 levels left

rFire   . . .      SeeInvis .    j - +3 hand axe
rCold   . . .      Faith    .    (no shield)
rNeg    + . .      Spirit   .    a - +0 robe
rPois   ∞          Reflect  .    (no helmet)
rElec   +          Harm     .    (no cloak)
rCorr   .          Rampage  .    (no gloves)
Will    .....                    (no boots)
Stlth   ++........               (no amulet)
HPRegen 0.07/turn                (no ring)
MPRegen 0.10/turn                (no ring)

@: no status effects
A: sickness immunity, AC +3, negative energy resistance 1, electricity
resistance, torment resistance 1, petrification resistance
a: no special abilities


You were on level 2 of the Dungeon.
You visited 1 branch of the dungeon, and saw 2 of its levels.

You collected 101 gold pieces.

Inventory:

Hand Weapons
 h - a +0 great sword
 j - a +3 hand axe (weapon)
Armour
 a - a +0 robe (worn)
Scrolls
 c - 3 scrolls of butterflies {unknown}
 g - a scroll of amnesia {unknown}
 i - a scroll of identify {unknown}
 k - a scroll of blinking {unknown}
Potions
 d - a potion of flight {unknown}
 e - a potion of brilliance {unknown}
 f - a potion of attraction {unknown}


   Skills:
 + Level 2.2 Fighting
 - Level 1.5 Dodging
 - Level 2.1 Stealth
 - Level 2.0 Spellcasting
 + Level 1.0 Conjurations
 - Level 0.7 Transmutations
 + Level 4.6 Earth Magic


You had 2 spell levels left.
You knew the following spells:

 Your Spells              Type           Power      Damage    Failure   Level
a - Sandblast             Erth           34%        2d9       3%          1
b - Stone Arrow           Conj/Erth      22%        3d8       19%         3

Your spell library contained the following spells:

 Spells                   Type           Power      Damage    Failure   Level
 Passwall                 Tmut/Erth      8%         N/A       10%         2
 Confusing Touch          Hex            1%         N/A       50%         3
 Petrify                  Tmut/Erth      10%        N/A       54%         4
 Yara's Violent Unravell  Hex/Tmut       1%         3d3       99%         5
 Enfeeble                 Hex            0%         N/A       100%        7


Dungeon Overview and Level Annotations

Branches:
Dungeon (2/15)

Altars:

Annotations:
D:2 Terence


Innate Abilities, Weirdness & Mutations

You are immune to sickness and miasma.
Your stone body is resilient. (AC +3)
You are immune to poison.
You resist negative energy. (rN+)
You are resistant to electric shocks. (rElec)
You are resistant to unholy torment.
You are immune to petrification.


Message History

Terence is heavily wounded.
Terence hits you with a +0 hand axe. Terence barely misses you.
Casting: Sandblast (safe; 3% risk of failure)
Confirm with . or Enter, or press ? or * to list all spells.
Aiming: Sandblast (safe; 3% risk of failure)
Press: ? - help, Shift-Dir - straight line, f/p - Terence
Aim: Terence, wielding a +0 hand axe, wearing a +2 ring mail of poison resistance and carrying a wand of roots (4) (heavily wounded, 84% to hit)
The blast of sand hits Terence.
Terence is severely wounded.
Terence hits you but does no damage.
Casting: Sandblast (safe; 3% risk of failure)
Confirm with . or Enter, or press ? or * to list all spells.
You don't have enough magic to cast this spell.
Unknown command.
Magic courses through your body. Terence misses you.
Casting: Sandblast (safe; 3% risk of failure)
Confirm with . or Enter, or press ? or * to list all spells.
Aiming: Sandblast (safe; 3% risk of failure)
Press: ? - help, Shift-Dir - straight line, f/p - Terence
Aim: Terence, wielding a +0 hand axe, wearing a +2 ring mail of poison resistance and carrying a wand of roots (4) (severely wounded, 84% to hit)
The blast of sand hits Terence but does no damage.
Terence is severely wounded.
Terence closely misses you. Terence hits you with a +0 hand axe.
Casting: Sandblast (safe; 3% risk of failure)
Confirm with . or Enter, or press ? or * to list all spells.
Aiming: Sandblast (safe; 3% risk of failure)
Press: ? - help, Shift-Dir - straight line, f/p - Terence
Aim: Terence, wielding a +0 hand axe, wearing a +2 ring mail of poison resistance and carrying a wand of roots (4) (severely wounded, 84% to hit)
The blast of sand hits Terence.
Terence is severely wounded.
Terence barely misses you.
Casting: Sandblast (safe; 3% risk of failure)
Confirm with . or Enter, or press ? or * to list all spells.
Aiming: Sandblast (safe; 3% risk of failure)
Press: ? - help, Shift-Dir - straight line, f/p - Terence
Aim: Terence, wielding a +0 hand axe, wearing a +2 ring mail of poison resistance and carrying a wand of roots (4) (severely wounded, 84% to hit)
The blast of sand misses Terence.
Terence hits you with a +0 hand axe!
* * * LOW HITPOINT WARNING * * *
Terence hits you with a +0 hand axe.
You die...

##.## # .... +
.... # ..# ..# #.#
#@# #####+# #@#
......###### #.#
#####.##...## #.#
# ##.#.###.## #.#
####...#####[###.#
##...............#
##.#...#####.#####
...##)#.###.##
#####.##...##


You could see Terence.

Vanquished Creatures
  A dart slug (D:1)
  A bat (D:1)
  2 endoplasms
  A giant cockroach (D:1)
  13 goblins
  9 hobgoblins
  4 kobolds
  A quokka (D:1)
  4 ball pythons (D:1)
  2 frilled lizards (D:2)
  A rat (D:1)
39 creatures vanquished.

Notes
Turn   | Place    | Note
-------+----------+-------------------------------------------
     0 | D:1      | Essalna the Gargoyle Earth Elementalist began the quest for
                  | the Orb.
     0 | D:1      | Reached XP level 1. HP: 10/10 MP: 3/3
   162 | D:1      | Reached skill level 1 in Fighting
   163 | D:1      | Reached XP level 2. HP: 16/16 MP: 0/5
   242 | D:1      | Reached skill level 4 in Earth Magic
   527 | D:1      | Reached XP level 3. HP: 20/21 MP: 6/6
   531 | D:1      | Learned a level 3 spell: Stone Arrow
  1290 | D:2      | Reached skill level 1 in Conjurations
  1321 | D:2      | Noticed Terence
  1332 | D:2      | Slain by Terence

Illustrated notes

Levels and vault maps discovered:
D:1:      sevenhm_arrival_forest_fort_large_2, layout_loops_ring,
          grunt_decor_cap, minmay_strange_pillars, minmay_statues_item,
          chequers_serial_rivers_micro_a, minivault_24, hangedman_glass_teeth,
          serial_bayou_pond_c
D:2:      cheibrodos_greedy_goblins, layout_loops_corners, nrook_loot_triangle,
          due_unseen_surprise, uniq_terence

Skill      XL: |  1  2  3 |
---------------+----------+-----
Fighting       | 1 2 |  2.2
Earth Magic    | 4 |  4.6
Conjurations   | 1 |  1.0
Dodging        | |  1.5
Stealth        | |  2.1
Spellcasting   | |  2.0
Transmutations | |  0.7

Action                   || total
-------------------------++-------
Melee: Great sword       ||    10
       Hand axe          ||    15
 Cast: Sandblast         ||    36
  Use: Potion            ||     1
Armor: Robe              ||    11
Dodge: Dodged            ||    31

Table legend: (Time is in decaauts)
 A = Elapsed time spent in this place.
 B = Non-inter-level travel time spent in this place.
 C = Inter-level travel time spent in this place.
 D = Time resting spent in this place.
 E = Time spent auto-exploring this place.
 F = Levels seen in this place.
 G = Mean time per level.
                   A        B        C        D        E       F      G
               +--------+--------+--------+--------+--------+-----+--------+
         Total |   1365 |   1325 |     40 |      0 |   1135 |   2 |  682.5 |
       Dungeon |   1365 |   1325 |     40 |      0 |   1135 |   2 |  682.5 |
               +--------+--------+--------+--------+--------+-----+--------+

Top non-repeatable levels by time:
     D:1: 939 daAuts
     D:2: 425 daAuts
